 Dungeon Crawl Stone Soup version 0.29-a0-1047-g7c58e119a4 (webtiles) character file.

Game seed: 6597090384367394686

4 SuperCastor the Sneak (level 1, 13/13 HPs)
             Began as a Spriggan Conjurer on Aug 16, 2022.
             Quit the game on level 1 of the Dungeon.
             The game lasted 00:08:27 (325 turns).

SuperCastor the Sneak (Spriggan Conjurer)            Turns: 325, Time: 00:08:28

Health: 13/13      AC: 20    Str:  3    XL:     1   Next: 50%
Magic:  5/5        EV:  4    Int: 19    God:
Gold:   23         SH:  0    Dex: 13    Spells: 4/5 levels left

rFire   . . .      SeeInvis +   (weapon restricted)
rCold   . . .      Faith    .   (no shield)
rNeg    . . .      Spirit   .   (body armour currently unavailable)
rPois   +          Reflect  .   (helmet currently unavailable)
rElec   .          Harm     .   (cloak currently unavailable)
rCorr   .          Rampage  .   (gloves unavailable)
Will    .....      NoTele   +   (boots unavailable)
Stlth   ++........              (no amulet)
HPRegen 0.04/turn               (no ring)
MPRegen 0.09/turn               (no ring)

@: tree-form
A: stationary, stasis, torment immunity, boosted hp, very small, no large
weapons, unfitting armour, see invisible, (speed 3)
a: no special abilities


You were on level 1 of the Dungeon.
You were a tree.
You visited 1 branch of the dungeon, and saw 1 of its levels.

You collected 23 gold pieces.

Inventory:

Armour
 a - a +0 robe (melded)
Potions
 c - a potion of lignification


   Skills:
 * Level 2.9 Dodging
 + Level 3.0 Stealth
 * Level 2.8 Spellcasting
 * Level 3.0 Conjurations


You had 4 spell levels left.
You knew the following spells:

 Your Spells              Type           Power      Damage    Failure   Level
a - Magic Dart            Conj           56%        1d5       4%          1

Your spell library contained the following spells:

 Spells                   Type           Power      Damage    Failure   Level
 Searing Ray              Conj           28%        2d5       7%          2
 Dazzling Flash           Conj/Hex       16%        N/A       26%         3
 Fulminant Prism          Conj/Hex       4%         3d6       63%         4
 Iskenderun's Mystic Bla  Conj/Tloc      8%         2d4       63%         4


Dungeon Overview and Level Annotations

Branches:
Dungeon (1/15)

Altars:


Innate Abilities, Weirdness & Mutations

You are a tree.
Your roots penetrate the ground, keeping you stationary.
You cannot be teleported.
You are immune to unholy pain and torment.
Your maximum health is greatly increased.
Your equipment is partially melded.
You are very small and have problems with some larger weapons.
You are too small for most types of armour.
You have supernaturally acute eyesight. (SInv)
((You cover ground extremely quickly. (Speed+++)))


Message History

You cannot move.
You cannot move.
You cannot move.
You cannot move.
You cannot move.
You cannot move.
You cannot move.
You cannot move.
You cannot move.
You cannot move.
You cannot move.
You cannot move.
Really quaff the potion of lignification? [Y]es or [N]o only, please.
Really quaff the potion of lignification? [Y]es or [N]o only, please.
Really quaff the potion of lignification? [Y]es or [N]o only, please.
Really quaff the potion of lignification? [Y]es or [N]o only, please.
Really quaff the potion of lignification? [Y]es or [N]o only, please.
Really quaff the potion of lignification? [Y]es or [N]o only, please.
Really quaff the potion of lignification? [Y]es or [N]o only, please.
Really quaff the potion of lignification? [Y]es or [N]o only, please.
Really quaff the potion of lignification?
Okay, then.
You cannot move.
Unknown command.
Unknown command.
You are stuck in your current form!
You are stuck in your current form!
You cannot move.
You cannot move.
Really quaff the potion of lignification?
You are stuck in your current form!
Are you sure you want to abandon this character and quit the game? (Confirm with "yes".)

#. #. ######.####
#.........###### ###
....###........# #..
. #.#.####.# #.#
...#.####.# #.#
#####.#....# #.#
#..♣..#..# #.#
#.#.#....# #.#
#.#.##.#†#########.#
#.#.##.#.......†..#.
#.#.##.##########...
#g#.##............#.
#>#...###########...
..###.# #### ..# #.#


There were no monsters in sight!

Vanquished Creatures
  A ball python (D:1)
  An endoplasm (D:1)
  A quokka (D:1)
3 creatures vanquished.

Notes
Turn   | Place    | Note
-------+----------+-------------------------------------------
     0 | D:1      | SuperCastor the Spriggan Conjurer began the quest for the
                  | Orb.
     0 | D:1      | Reached XP level 1. HP: 9/9 MP: 5/5
   325 | D:1      | Quit the game

Illustrated notes

Levels and vault maps discovered:
D:1:      lemuel_arrival_broad_hall, layout_loops_ring, basic_ecumenical_altar

Skill      XL: |  1 |
---------------+----+-----
Conjurations   | 3 |  3.0
Dodging        | |  2.9
Stealth        | |  3.0
Spellcasting   | |  2.8

Action                   || total
-------------------------++-------
 Cast: Magic Dart        ||     9
  Use: Potion            ||     2
       Scroll            ||     1
Dodge: Dodged            ||     3

Table legend: (Time is in decaauts)
 A = Elapsed time spent in this place.
 B = Non-inter-level travel time spent in this place.
 C = Inter-level travel time spent in this place.
 D = Time resting spent in this place.
 E = Time spent auto-exploring this place.
 F = Levels seen in this place.
 G = Mean time per level.
                   A        B        C        D        E       F      G
               +--------+--------+--------+--------+--------+-----+--------+
         Total |    259 |    259 |      0 |    142 |     17 |   1 |  259.0 |
       Dungeon |    259 |    259 |      0 |    142 |     17 |   1 |  259.0 |
               +--------+--------+--------+--------+--------+-----+--------+

Top non-repeatable levels by time:
     D:1: 259 daAuts
